 Dungeon Sprint DCSS version 0.30.1-4-g462c640d31 (webtiles) character file.

Game seed: 104179906409968336

5092 Heoruswealwe the Ninja (level 10, -4/55 HPs)
             Began as a Spriggan Monk on Sept 8, 2023.
             Was the Champion of Zin.
             Slain by a demonic crawler (6 damage)
             ... in the Dungeon (Sprint I: "Red Sonja").
             The game lasted 00:07:43 (541 turns).

Heoruswealwe the Ninja (Spriggan Monk)               Turns: 541, Time: 00:07:44

Health: -4/55      AC:  4    Str:  7    XL:     10   Next: 32%
Magic:  11/11      EV: 32    Int: 12    God:    Zin [******]
Gold:   649        SH:  0    Dex: 22    Spells: 9/9 levels left

rFire   + . .        a - +0 short sword
rCold   . . .        (no shield)
rNeg    . . .        c - +2 robe {rF+}
rPois   .            (helmet restricted)
rElec   .            (no cloak)
rCorr   .            (gloves unavailable)
SInv    +            (boots unavailable)
Will    +....        (no amulet)
Stlth   ++++++++++   (no ring)
HPRegen 0.29/turn    (no ring)
MPRegen 0.12/turn

%: no teleportation
@: very quick
A: very small, no large weapons, unfitting armour, see invisible, speed 3
a: Renounce Religion, Recite, Vitalisation, Imprison, Sanctuary, Donate Gold


You were in the Dungeon.
You worshipped Zin.
Zin was exalted by your worship.
You visited 1 branch You collected 871 gold pieces.
You spent 192 gold pieces at shops.
You donated 30 gold pieces to Zin.

Inventory:

Hand Weapons
 a - a +0 short sword (weapon)
 d - the +3 short sword of Karma {freeze, rPois Str+3 SInv}
   (You bought it in a shop in the Dungeon)

   Str:       It affects your strength (+3).
   rPois:     It protects you from poison.
   SInv:      It lets you see invisible.
Armour
 c - a +2 robe of fire resistance (worn)
Wands
 b - a wand of mindburst (15)
 i - a wand of polymorph (10)
Scrolls
 h - a scroll of enchant weapon {unknown}
 j - a scroll of blinking
 l - a scroll of identify {unknown}
Potions
 e - 4 potions of curing
 f - a potion of heal wounds
 g - a potion of haste
 k - a potion of mutation {unknown}


   Skills:
 + Level 7.2 Fighting
 + Level 9.5 Short Blades
 * Level 15.1 Dodging
 O Level 27 Stealth


You had 9 spell levels left.
You didn't know any spells.
Your spell library was empty.

Dungeon Overview and Level Annotations

Branches:
Dungeon (1/1)

Altars:
Cheibriados
Dithmenos
Elyvilon
Fedhas
Gozag
Hepliaklqana
Kikubaaqudgha
Makhleb
Nemelex Xobeh
Okawaru
Qazlal
Ru
Sif Muna
Trog
Uskayaw
Vehumet
Wu Jian
Xom
Yredelemnul
Zin
The Shining One
Jiyva
Lugonu

Shops:
D =(**([[


Innate Abilities, Weirdness & Mutations

You are very small and have problems with some larger weapons.
You are too small for most types of armour.
You have supernaturally acute eyesight. (SInv)
You cover ground extremely quickly. (Speed+++)


Message History

You hit the demonic crawler but do no damage.
The white imp completely misses you.
The kobold demonologist completely misses you.
You hit the demonic crawler but do no damage.
The demonic crawler hits you. The demonic crawler closely misses you.
The demonic crawler misses you. x2; The demonic crawler hits you!
The demonic crawler barely misses you.
You hit the demonic crawler but do no damage.
The kobold demonologist mumbles some strange words.
The demonic crawler completely misses you. x2
The demonic crawler misses you. x3; The demonic crawler hits you!
You hit the demonic crawler.
The demonic crawler is lightly wounded.
You barely miss the demonic crawler.
The demonic crawler is lightly wounded.
The demonic crawler hits you!
* * * LOW HITPOINT WARNING * * *
The demonic crawler completely misses you.
The demonic crawler closely misses you.
The white imp disappears for a moment.
The kobold demonologist hits you with a +0 dagger.
* * * LOW HITPOINT WARNING * * *
The demonic crawler hits you!
* * * LOW HITPOINT WARNING * * *
The demonic crawler misses you.
The demonic crawler hits you but does no damage.
You hit the demonic crawler but do no damage.
The demonic crawler completely misses you.
The demonic crawler misses you. The demonic crawler closely misses you.
The demonic crawler completely misses you. x3
You hit the demonic crawler.
The demonic crawler is lightly wounded.
The kobold demonologist hits you with a +0 dagger.
* * * LOW HITPOINT WARNING * * *
The ice devil misses you.
You barely miss the demonic crawler.
The demonic crawler is lightly wounded.
The demonic crawler completely misses you.
The demonic crawler hits you.
You die...

#################
#.['..#__#..'.45#
'..#..'..'..#.5K##+#
#####'#__####.K4@ss#
#...#.#### #####ss+
#..##(# +## ##'#_.+
÷'..._# ##_.#'##+###
###'#[#...)###
###.####'###.##
.'...'.....'.∩#


You could see 4 demonic crawlers, an ice devil (summoned), 2 kobold
demonologists, a chaos spawn (summoned), an iron imp (summoned) and a white imp
(summoned).

Vanquished Creatures
  Sonja (D)
  A deep troll (D)
  8 shining eyes (D)
  Sigmund (D)
  A slime creature (D)
  A yak (D)
  5 floating eyes (D)
  An ogre (D)
  A jelly (D)
  Ijyb (D)
  A ballistomycete spore (D)
22 creatures vanquished.

Vanquished Creatures (others)
  A ballistomycete spore (D)
1 creature vanquished.

Grand Total: 23 creatures vanquished

Notes
Turn   | Place    | Note
-------+----------+-------------------------------------------
     0 | D        | Heoruswealwe the Spriggan Monk began the quest for the Orb.
     0 | D        | Reached XP level 1. HP: 11/11 MP: 2/2
     1 | D        | Noticed Ijyb
    12 | D        | Killed Ijyb
    13 | D        | Reached skill level 8 in Stealth
    13 | D        | Reached XP level 2. HP: 16/16 MP: 3/3
    43 | D        | Noticed an ogre
    46 | D        | Killed an ogre
    47 | D        | Reached skill level 13 in Stealth
    47 | D        | Reached XP level 3. HP: 19/19 MP: 4/4
    47 | D        | Reached XP level 4. HP: 23/23 MP: 5/5
    55 | D        | Noticed Sigmund
    58 | D        | Killed Sigmund
    59 | D        | Reached skill level 18 in Stealth
    59 | D        | Reached XP level 5. HP: 27/27 MP: 6/6
    59 | D        | Reached XP level 6. HP: 32/32 MP: 7/7
    82 | D        | Found an ornate altar of the Wu Jian Council.
    82 | D        | Found a shimmering blue altar of Sif Muna.
    84 | D        | Found a radiant altar of Vehumet.
    89 | D        | Reached skill level 19 in Stealth
   117 | D        | Found Muulumutio's General Store.
   117 | D        | Found an ancient bone altar of Kikubaaqudgha.
   117 | D        | Found a hazy altar of Hepliaklqana.
   117 | D        | Found a stormy altar of Qazlal.
   117 | D        | Found a hide-covered altar of Uskayaw.
   117 | D        | Found a blossoming altar of Fedhas.
   117 | D        | Found a bloodstained altar of Trog.
   117 | D        | Found an iron altar of Okawaru.
   117 | D        | Found a basalt altar of Yredelemnul.
   117 | D        | Found a glowing golden altar of the Shining One.
   117 | D        | Found a snail-covered altar of Cheibriados.
   117 | D        | Found a sacrificial altar of Ru.
   117 | D        | Found a glowing silver altar of Zin.
   117 | D        | Found a shadowy altar of Dithmenos.
   117 | D        | Found a white marble altar of Elyvilon.
   117 | D        | Noticed a yak
   118 | D        | Found an opulent altar of Gozag.
   119 | D        | Killed a yak
   120 | D        | Reached skill level 21 in Stealth
   120 | D        | Found a sparkling altar of Nemelex Xobeh.
   125 | D        | Became a worshipper of Zin the Law-Giver
   125 | D        | Reached * piety under Zin
   125 | D        | Reached ** piety under Zin
   125 | D        | Reached *** piety under Zin
   125 | D        | Reached **** piety under Zin
   125 | D        | Reached ***** piety under Zin
   125 | D        | Reached ****** piety under Zin
   134 | D        | Noticed Sonja
   138 | D        | Killed Sonja
   139 | D        | Reached skill level 25 in Stealth
   139 | D        | Reached XP level 7. HP: 35/35 MP: 8/8
   139 | D        | Reached XP level 8. HP: 39/39 MP: 9/9
   155 | D        | Found Jiodarar's Jewellery Boutique.
   166 | D        | Noticed a shining eye
   166 | D        | Noticed a shining eye
   166 | D        | Noticed a shining eye
   166 | D        | Noticed a shining eye
   166 | D        | Noticed a shining eye
   166 | D        | Noticed a shining eye
   169 | D        | Noticed a shining eye
   169 | D        | Noticed a shining eye
   175 | D        | Reached skill level 26 in Stealth
   177 | D        | Killed a shining eye
   178 | D        | Reached skill level 27 in Stealth
   178 | D        | Reached skill level 5 in Dodging
   178 | D        | Killed a shining eye
   178 | D        | Paralysed by a floating eye for 2 turns
   179 | D        | Reached skill level 5 in Short Blades
   179 | D        | Reached XP level 9. HP: 45/45 MP: 10/10
   186 | D        | Killed a shining eye
   187 | D        | Paralysed by a floating eye for 2 turns
   193 | D        | Reached skill level 10 in Dodging
   244 | D        | Killed a shining eye
   245 | D        | Reached skill level 5 in Fighting
   276 | D        | Killed a shining eye
   320 | D        | Killed a shining eye
   344 | D        | Killed a shining eye
   345 | D        | Reached XP level 10. HP: 53/53 MP: 11/11
   363 | D        | Killed a shining eye
   381 | D        | Found Moijuci's Antique Weapon Shoppe.
   381 | D        | Found Moyti's Antique Weapon Shop.
   381 | D        | Found Jushun's General Store.
   381 | D        | Found Bisidagi's Antique Armour Boutique.
   396 | D        | Bought a twisted short sword for 192 gold pieces
   396 | D        | Identified the +3 short sword of Karma {freeze, rPois Str+3
                  | SInv} (You bought it in a shop in the Dungeon)
   415 | D        | Noticed a deep troll
   419 | D        | Killed a deep troll
   431 | D        | Found Kicziduz's Armour Emporium.
   505 | D        | Found a burning altar of Makhleb.
   505 | D        | Found a viscous altar of Jiyva.
   505 | D        | Found a shimmering altar of Xom.
   505 | D        | Found a corrupted altar of Lugonu.
   509 | D        | Reached skill level 15 in Dodging
   531 | D        | Noticed a demonic crawler
   531 | D        | Noticed a demonic crawler
   531 | D        | Noticed a demonic crawler
   531 | D        | Noticed a demonic crawler
   540 | D        | HP: 2/55 [kobold demonologist/+0 dagger (4)]
   541 | D        | Slain by a demonic crawler

Illustrated notes

Levels and vault maps discovered:
D:        dungeon_sprint_1 [red_sonja_temple_1, red_sonja_temple_small_1]

Skill      XL: |  1  2  3  4  5  6  7  8  9 10 |
---------------+-------------------------------+-----
Stealth        | 8 13 18 25 27 | 27.0
Fighting       | 3 6 7 |  7.2
Short Blades   | 5 8 9 |  9.5
Dodging        | 8 13 15 | 15.1

Action                     |  1- 3 |  4- 6 |  7- 9 | 10-12 || total
---------------------------+-------+-------+-------+-------++-------
  Melee: Short sword       |     9 |     4 |   147 |    36 ||   196
         Punch             |       |       |     5 |     1 ||     6
    Use: Potion            |     1 |       |       |       ||     1
   Stab: Sleeping          |     1 |     4 |     6 |     3 ||    14
 Armour: Robe              |       |       |       |     1 ||     1
  Dodge: Dodged            |     2 |       |       |    40 ||    42
